 Dungeon Crawl Stone Soup version 0.26.0-45-g9c1d065592 (webtiles) character file.

Game seed: 5674802545764250185

81 kreisler the Sneak (level 4, -8/29 HPs)
             Began as an Octopode Brigand on Jan 28, 2021.
             Mangled by Crazy Yiuf
             ... wielding a +4 quarterstaff of chaos
              (11 damage)
             ... on level 2 of the Dungeon.
             The game lasted 00:08:19 (2091 turns).

kreisler the Sneak (Octopode Brigand)               Turns: 2091, Time: 00:08:20

Health: -8/29      AC:  1    Str: 10    XL:     4   Next: 42%
Magic:  4/4        EV: 13    Int: 13    God:
Gold:   108        SH:  0    Dex: 14    Spells: 3/3 levels left

rFire    . . .     SeeInvis .   a - +2 dagger
rCold    . . .     Faith    .   (no shield)
rNeg     . . .     Spirit   .   (helmet restricted)
rPois    .         Reflect  .   (no amulet)
rElec    .         Harm     .   (no ring)
rCorr    .         Rampage  .   (no ring)
Will     .....                  (no ring)
Stlth    ++++......             (no ring)
HPRegen  0.09/turn              (no ring)
MPRegen  0.09/turn              (no ring)
                                (no ring)
                                (no ring)

@: no status effects
A: almost no armour, stealthy swim, amphibious, 8 rings, constrict 8, camouflage
1, gelatinous body 1
a: no special abilities


You were on level 2 of the Dungeon.
You visited 1 branch of the dungeon, and saw 2 of its levels.

You collected 108 gold pieces.

Inventory:

Hand Weapons
 a - a +2 dagger (weapon)
Missiles
 b - 7 poisoned darts (quivered)
 c - 2 curare-tipped darts
Jewellery
 f - an uncursed ring of stealth {unknown}
Scrolls
 j - 2 scrolls of remove curse
 l - a scroll of identify
Potions
 d - a potion of curing
 e - a potion of heal wounds
 g - a potion of might {unknown}


   Skills:
 + Level 2.1 Fighting
 + Level 2.6 Short Blades
 + Level 2.3 Throwing
 + Level 1.2 Dodging
 + Level 7.1 Stealth


You had 3 spell levels left.
You didn't know any spells.
Your spell library was empty.

Dungeon Overview and Level Annotations

Branches:
Dungeon (2/15)

Altars:
Vehumet
The Shining One

Annotations:
D:2 Crazy Yiuf


Innate Abilities, Weirdness & Mutations

You cannot wear most types of armour.
You are very stealthy in the water. (Stealth+)
You are amphibious.
You can wear up to eight rings at the same time.
You can use your tentacles to constrict eight enemies at once.
Your skin changes colour to match your surroundings (Stealth+).
Your rubbery body absorbs attacks. (AC +1, EV +1)


Message History

You squeeze Crazy Yiuf, but do no damage.
Crazy Yiuf is heavily wounded.
Crazy Yiuf sings, "Trees, trees, trees, circus!"
Crazy Yiuf hits you with a +4 quarterstaff of chaos!
Crazy Yiuf freezes you.
You hit Crazy Yiuf but do no damage. Your grab misses Crazy Yiuf.
Crazy Yiuf is heavily wounded.
Crazy Yiuf misses you.
You hit Crazy Yiuf but do no damage. Your grab misses Crazy Yiuf.
Crazy Yiuf is heavily wounded.
Crazy Yiuf screams, "Snower pontify Hive!"
Crazy Yiuf completely misses you.
You hit Crazy Yiuf. You grab Crazy Yiuf.
Crazy Yiuf is heavily wounded.
You constrict Crazy Yiuf.
Crazy Yiuf hits you with a +4 quarterstaff of chaos!
Ouch! That really hurt!
* * * LOW HITPOINT WARNING * * *
You are electrocuted!
You die...

#.# #....# ##).## ##.##..#..##
..# #....# #PPP.# #.##....... ..#
#....# ##)P.# #.##...###+ ..#
#....# ##.## #..#...# #. ..#
#†..## ##.# ##.#...###.
..#####...## #.## ###.....'.._
...........# ##.# #.......####
.########### #.## #.......# ##
...........# #@# #.......####
.########### #.g.# #...#>......
######## #.# #...# #####..###.#
.......###.# #)..# #####..# #.#
.........'.# ##### #......# #.#
.......###.# #..#######..
.......# #.###########..#.)......
.......# #..............#.#......
.......###....#######'#+#.#.###..


You could see Crazy Yiuf.

Vanquished Creatures
  Jessica (D:2)
  Robin (D:2)
  2 leopard geckos
  A ball python (D:1)
  3 giant cockroaches (D:2)
  11 goblins
  2 hobgoblins (D:2)
  6 jackals
  A quokka (D:2)
  A bat (D:1)
  3 frilled lizards
  A kobold (D:2)
  8 rats
41 creatures vanquished.

Vanquished Creatures (others)
  A bat (D:2)
  A rat (D:2)
2 creatures vanquished.

Grand Total: 43 creatures vanquished

Notes
Turn   | Place    | Note
-------+----------+-------------------------------------------
     0 | D:1      | kreisler the Octopode Brigand began the quest for the Orb.
     0 | D:1      | Reached XP level 1. HP: 14/14 MP: 1/1
   227 | D:1      | Reached XP level 2. HP: 15/19 MP: 2/2
   459 | D:1      | Reached skill level 6 in Stealth
  1054 | D:2      | Found a radiant altar of Vehumet.
  1181 | D:2      | Found a glowing golden altar of the Shining One.
  1303 | D:2      | Reached XP level 3. HP: 24/24 MP: 3/3
  1306 | D:2      | Noticed Jessica
  1315 | D:2      | Killed Jessica
  1553 | D:2      | Reached XP level 4. HP: 28/29 MP: 4/4
  1610 | D:2      | Found a runed translucent door.
  1611 | D:2      | Noticed Crazy Yiuf
  1661 | D:2      | Noticed Robin
  1673 | D:2      | Killed Robin
  1674 | D:2      | Reached skill level 7 in Stealth
  2091 | D:2      | Mangled by Crazy Yiuf

Illustrated notes

Levels and vault maps discovered:
D:1:      elethiomel_arrival_shortcut, layout_loops_ring, nrook_mini_vaults,
          hex_medium, minmay_misc_feat_enclosed, st_stairs_13,
          nrook_loot_triangle
D:2:      layout_basic, lemuel_doored_altar, fiery_altar_vehumet, uniq_jessica,
          uniq_robin, uniq_crazy_yiuf_cottage

Skill      XL: |  1  2  3  4 |
---------------+-------------+-----
Stealth        | 6 7 |  7.1
Fighting       | |  2.1
Short Blades   | |  2.6
Throwing       | |  2.3
Dodging        | |  1.2

Action                   |  1- 3 |  4- 6 || total
-------------------------+-------+-------++-------
Melee: Dagger            |    42 |    31 ||    73
       Tentacles         |     9 |     7 ||    16
       Constrict         |     9 |     9 ||    18
Throw: Dart              |     3 |       ||     3
  Use: Scroll            |     5 |     1 ||     6
       Potion            |     3 |       ||     3
 Stab: Sleeping          |    14 |       ||    14
Armor: Skin              |     2 |     1 ||     3
Dodge: Dodged            |    21 |    19 ||    40
